 Dungeon Crawl Stone Soup version 0.27-a0-1434-g6f15984924 (webtiles) character file.

Game seed: 2261544677242077804

30 spiderkeys the Skirmisher (level 3, 0/26 HPs)
             Began as an Octopode Abyssal Knight on July 4, 2021.
             Was a Follower of Lugonu.
             Slain by a profane servitor (6 damage)
             ... on level 1 of the Abyss.
             The game lasted 00:00:33 (192 turns).

spiderkeys the Skirmisher (Octopode Abyssal Knight)  Turns: 192, Time: 00:00:33

Health: 0/26       AC:  1    Str: 11    XL:     3   Next: 18%
Magic:  4/4        EV: 13    Int: 14    God:    Lugonu [*.....]
Gold:   0          SH:  0    Dex: 12    Spells: 2/2 levels left

rFire    . . .     SeeInvis .   a - +1 short sword
rCold    . . .     Faith    .   (no shield)
rNeg     . . .     Spirit   .   (helmet restricted)
rPois    .         Reflect  .   (no amulet)
rElec    .         Harm     .   (no ring)
rCorr    .         Rampage  .   (no ring)
Will     .....                  (no ring)
Stlth    ++........             (no ring)
HPRegen  0.08/turn              (no ring)
MPRegen  0.09/turn              (no ring)
                                (no ring)
                                (no ring)

@: wreathed by umbra
A: almost no armour, amphibious, 8 rings, camouflage 1, gelatinous body 1,
(nimble swimmer 1), tentacles
a: Renounce Religion, Depart the Abyss


You were on level 1 of the Abyss.
You worshipped Lugonu.
Lugonu was aware of your devotion.
You visited 0 branches of the dungeon, and saw 0 of its levels.
You visited the Abyss 1 time.


Innate Abilities, Weirdness & Mutations

You cannot wear most types of armour.
You are amphibious.
You can wear up to eight rings at the same time.
Your skin changes colour to match your surroundings (Stealth+).
Your rubbery body absorbs attacks. (AC +1, EV +1)
((You are camouflaged near water. (Stealth+)))
You have tentacles for arms and can constrict up to eight enemies at once.


   Skills:
 + Level 3.3 Fighting
 + Level 2.4 Short Blades
 + Level 2.7 Dodging
 + Level 2.5 Invocations


You had 2 spell levels left.
You didn't know any spells.
Your spell library contained the following spells:

 Spells                   Type           Power      Damage    Failure   Level
 Beastly Appendage        Tmut           0%         N/A       28%         1
 Wereblood                Tmut           0%         N/A       41%         2
 Spider Form              Tmut/Pois      0%         N/A       65%         3

Inventory:

Hand Weapons
 a - a +1 short sword (weapon)

Dungeon Overview and Level Annotations

Branches:
Dungeon (0/15)

Altars:

. #.# . . .
.# .###. .#
## .## ##
.## . . ..
#.####.#..
... .# #..
.#.. #
#.#.#..#..##
... ..#.##
#A# .. #..#
#@###......#
##....#.#.##
#.#.### ..
##.## ##.#
#..# . #..#
# #..# ##.#
###


You could see a profane servitor.


Message History

🤖 Initializing magus.rc ...
Options error: Delay interrupt name "hungry" not recognised. (~/.crawlrc:4988) ✅ Successfully initialized magus.rc [v1.9.10] Welcome, spiderkeys the Octopode Abyssal Knight.
Will you prevail where others failed? Will you find the Orb of Zot?
Lugonu says: Depart the Abyss and spread corruption, my servant! (use the ability menu to exit the Abyss) Press ? for a list of commands and other information.
Found a corrupted altar of Lugonu.
There is a corrupted altar of Lugonu here.
Found a gateway leading out of the Abyss.
There is a gateway leading out of the Abyss here.
b - a scroll labelled JEOFUA GOAT
As you read the scroll labelled JEOFUA GOAT, it crumbles to dust.
You feel strangely unstable.
You feel the power of the Abyss delaying your translocation!
It was a scroll of teleportation.
Unknown command.
Unknown command.
You are suddenly pulled into a different region of the Abyss!
Found a corrupted altar of Lugonu.
A tentacled starspawn comes into view.
Unknown command.
A tentacle flies out from the starspawn's body!
A starspawn tentacle comes into view.
A starspawn tentacle comes into view.
You pick up a book of Changes and begin reading...
You add the spells Beastly Appendage, Wereblood and Spider Form to your library.
An iron imp comes into view.
The iron imp shouts!
You hit the iron imp. You grab the iron imp. You squeeze the iron imp.
You constrict the iron imp. The iron imp hits you. 😮 HP[-5]
You take 5 damage, and now have 11/16 hp.
MASSIVE DAMAGE!! (PAUSE)
You hit the iron imp but do no damage. You squeeze the iron imp.
You constrict the iron imp, but do no damage.
The iron imp closely misses you.
You hit the iron imp.
You kill the iron imp!
You have reached level 2!
You have reached level 3!
Your experience leads to an increase in your attributes!
Increase (S)trength, (I)ntelligence, or (D)exterity?
You feel agile. 😮 HP[+7] MP[+2]
You now have 26 max hp (+10).
You regained 7 hp, and now have 18/26 hp.
Your mp is fully restored (4).
The substance of the Abyss twists violently, and a gateway leading out appears!
There is a gateway leading out of the Abyss here. 😮 HP[+1] 😕 HP[+1]
A profane servitor comes into view. It is wielding a +1 whip.
You miss the profane servitor. Your grab misses the profane servitor.
The profane servitor hits you with a +1 whip!
Ouch! That really hurt!
* * * LOW HITPOINT WARNING * * *
The profane servitor draws strength from your injuries!
The profane servitor hits you with a +1 whip.
You die...

Action                   || total
-------------------------++-------
Melee: Short sword       ||     4
       Tentacles         ||     2
       Constrict         ||     1
  Use: Scroll            ||     1
Dodge: Dodged            ||     1

Levels and vault maps discovered:
Abyss:1:  base: Temple, base: Temple, evilmike_abyss_exit_12

Notes
Turn   | Place    | Note
-------+----------+-------------------------------------------
     0 | Abyss:1  | spiderkeys the Octopode Abyssal Knight began the quest for
                  | the Orb.
     0 | Abyss:1  | Reached XP level 1. HP: 16/16 MP: 2/2
     0 | Abyss:1  | magus.rc [v1.9.10]
    49 | Abyss:1  | Found a corrupted altar of Lugonu.
   121 | Abyss:1  | Noticed a tentacled starspawn
   144 | Abyss:1  | You pick up a book of Changes and begin reading...
   144 | Abyss:1  | You add the spells Beastly Appendage, Wereblood and Spider
                  | Form to your library.
   157 | Abyss:1  | Noticed an iron imp
   162 | Abyss:1  | Killed an iron imp
   163 | Abyss:1  | Reached XP level 2. HP: 14/21 MP: 3/3
   163 | Abyss:1  | Reached XP level 3. HP: 18/26 MP: 4/4
   187 | Abyss:1  | Noticed a profane servitor
   192 | Abyss:1  | HP: 6/26 [profane servitor (14)]
   192 | Abyss:1  | Slain by a profane servitor

Vanquished Creatures
  An iron imp (Abyss:1)
1 creature vanquished.

Vanquished Creatures (others)
  2 starspawn tentacles (Abyss:1)
2 creatures vanquished.

Grand Total: 3 creatures vanquished

Table legend:
 A = Non-vault XP
 B = Vault XP
 C = Vault XP percentage of total XP
 D = Non-vault monster count
 E = Vault monster count
 F = Vault count percentage of total count
                 A         B        C        D         E       F
            +---------+---------+-------+---------+---------+-------
      Total |      43 |       0 |   0.0 |       1 |       0 |   0.0
            +---------+---------+-------+---------+---------+-------
    Abyss:1 |      43 |       0 |   0.0 |       1 |       0 |   0.0
            +---------+---------+-------+---------+---------+-------

Illustrated notes

Table legend:
 A = Kills in this place as a percentage of kills in entire the game.
 B = Kills by you in this place as a percentage of kills by you in the entire game.
 C = Kills by friends in this place as a percentage of kills by friends in the entire game.
 D = Other kills in this place as a percentage of other kills in the entire game.
 E = Experience gained in this place as a percentage of experience gained in the entire game.
 F = Experience gained in this place divided by the number of levels of this place that you have seen.
                   A       B       C       D       E      F
               +-------+-------+-------+-------+-------+----------------------
         Total | 100.0 | 100.0 |   N/A |   N/A | 100.0 |  43.0
         Abyss | 100.0 | 100.0 |   N/A |   N/A | 100.0 |  43.0
               +-------+-------+-------+-------+-------+----------------------

Table legend: (Time is in decaauts)
 A = Elapsed time spent in this place.
 B = Non-inter-level travel time spent in this place.
 C = Inter-level travel time spent in this place.
 D = Time resting spent in this place.
 E = Time spent auto-exploring this place.
 F = Levels seen in this place.
 G = Mean time per level.
                   A        B        C        D        E       F      G
               +--------+--------+--------+--------+--------+-----+--------+
         Total |    192 |    192 |      0 |      0 |    118 |   1 |  192.0 |
         Abyss |    192 |    192 |      0 |      0 |    118 |   1 |  192.0 |
               +--------+--------+--------+--------+--------+-----+--------+

Top non-repeatable levels by time:
 Abyss:1: 192 daAuts
